 Dungeon Crawl Stone Soup version 0.28-a0-1447-ga5a8893891 (webtiles) character file.

Game seed: 2721548834378788717

2881 rogsnak the Gusty (level 9, -7/74 HPs)
             Began as a Naga Air Elementalist on Jan 11, 2022.
             Was a Follower of Sif Muna.
             Mangled by a yak (13 damage)
             ... on level 8 of the Dungeon.
             The game lasted 00:23:01 (9702 turns).

rogsnak the Gusty (Naga Air Elementalist)           Turns: 9702, Time: 00:23:01

Health: -7/74      AC:  6    Str: 11    XL:     9   Next: 76%
Magic:  0/19       EV: 14    Int: 20    God:    Sif Muna [*.....]
Gold:   456        SH:  0    Dex: 11    Spells: 8/21 levels left

rFire   . . .      SeeInvis +   p - +2 dagger (elec)
rCold   . . .      Faith    .   (no shield)
rNeg    . . .      Spirit   .   a - +0 robe
rPois   +          Reflect  .   o - +0 helmet
rElec   .          Harm     .   (no cloak)
rCorr   .          Rampage  .   v - +0 pair of gloves
Will    +....                   (no barding)
Stlth   ++........              (no amulet)
HPRegen 0.22/turn               x - +4 ring of evasion
MPRegen 0.16/turn               (no ring)

@: very slightly contaminated, very slow
A: AC +3, large, see invisible, deformed body, poison resistance, slowness 2,
spit poison 1, naga tail 1
a: Spit Poison, Renounce Religion, Channel Magic


You were on level 8 of the Dungeon.
You worshipped Sif Muna.
Sif Muna was aware of your devotion.
You visited 2 branches of the dungeon, and saw 9 of its levels.
You also visited: Ossuary.

You collected 456 gold pieces.

Inventory:

Hand Weapons
 e - a +0 club
 f - a +0 whip
 i - a +0 trident
 k - a +0 whip of venom
 p - a +2 dagger of electrocution (weapon)
 r - a +1 dagger of draining
 z - a +3 flail of holy wrath
Missiles
 b - 277 stones
 J - 19 poisoned darts
 L - a throwing net
 M - 5 javelins
Armour
 a - a +0 robe (worn)
 o - a +0 helmet (worn)
 v - a +0 pair of gloves (worn)
Magical Staves
 u - a staff of fire
Jewellery
 x - a +4 ring of evasion (left hand)
Wands
 t - a wand of iceblast (22)
 A - a wand of digging (4)
 G - a wand of charming (7)
 H - a wand of flame (17)
Scrolls
 g - 3 scrolls of magic mapping {unknown}
 j - 6 scrolls of teleportation {unknown}
 m - 2 scrolls of torment {unknown}
 q - a scroll of noise {unknown}
 s - 5 scrolls of identify {unknown}
 y - 2 scrolls of vulnerability {unknown}
 D - a scroll of fear {unknown}
 E - 3 scrolls of fog {unknown}
 I - a scroll of holy word {unknown}
Potions
 c - 3 potions of berserk rage {unknown}
 d - 5 potions of degeneration {unknown}
 h - 5 potions of curing
 l - a potion of brilliance {unknown}
 n - 2 potions of attraction {unknown}
 w - 2 potions of might {unknown}
 B - 2 potions of heal wounds {unknown}
 C - a potion of invisibility {unknown}
 F - a potion of magic {unknown}
 K - a potion of ambrosia {unknown}


   Skills:
 + Level 2.5 Fighting
 + Level 4.0 Dodging
 - Level 3.0 Stealth
 + Level 6.7 Spellcasting
 * Level 7.1 Conjurations
 + Level 7.2 Air Magic


You had 8 spell levels left.
You knew the following spells:

 Your Spells              Type           Power      Damage    Failure   Level
a - Shock                 Conj/Air       100%       1d9       1%          1
b - Airstrike             Air            17%        N/A       4%          4
c - Sticky Flame          Conj/Fire      21%        2d4       22%         4
d - Cause Fear            Hex            3%         N/A       67%         4

Your spell library contained the following spells:

 Spells                   Type           Power      Damage    Failure   Level
 Static Discharge         Conj/Air       35%        N/A       1%          2
 Swiftness                Air            35%        N/A       1%          3
 Frozen Ramparts          Ice            12%        1d3       28%         3
 Gell's Gravitas          Tloc           6%         N/A       28%         3
 Inner Flame              Hex/Fire       6%         N/A       28%         3
 Ozocubu's Armour         Ice            6%         N/A       28%         3
 Teleport Other           Tloc           6%         N/A       28%         3
 Dispel Undead            Necr           6%         3d8       67%         4
 Ice Form                 Ice/Tmut       6%         N/A       67%         4
 Summon Ice Beast         Ice/Summ       6%         N/A       67%         4
 Dispersal                Tloc           3%         N/A       100%        6
 Ozocubu's Refrigeration  Ice            3%         4d5       100%        7
 Discord                  Hex            3%         N/A       100%        8


Dungeon Overview and Level Annotations

Branches:
Dungeon (8/15)             Temple (1/1) D:6         Ossuary (visited)
   Lair: D:8-11

Altars:
Ashenzari
Cheibriados
Dithmenos
Elyvilon
Fedhas
Gozag
Hepliaklqana
Kikubaaqudgha
Makhleb
Okawaru
Qazlal
Sif Muna
Trog
Uskayaw
Vehumet
Wu Jian
Xom
Yredelemnul
Zin
The Shining One

Shops:
D:7 :

Annotations:
D:6 2 transporters, southernslant's ghost, novice GrGl
D:8 Grum


Innate Abilities, Weirdness & Mutations

Your serpentine skin is tough. (AC +3)
You have supernaturally acute eyesight. (SInv)
Armour fits poorly on your strangely shaped body.
Your system is resistant to poisons. (rPois)
You cover ground very slowly.
You can spit poison.
You have a snake-like lower body.


Message History

The yak is covered in liquid flames!
The yak burns!
The yak misses you. The yak barely misses you. The yak gores you!
Unknown command.
The yak burns! x2; The yak gores you!
* * * LOW HITPOINT WARNING * * *
Unknown command.
The yak burns!
The yak gores you!
* * * LOW HITPOINT WARNING * * *
Unknown command.
You feel better.
The yak burns!
The yak barely misses you. The yak gores you but does no damage.
Unknown command.
Okay, then.
Casting: Sticky Flame (dangerous; 22% risk of failure)
Confirm with . or Enter, or press ? or * to list all spells.
Okay, then.
Casting: Sticky Flame (dangerous; 22% risk of failure)
Confirm with . or Enter, or press ? or * to list all spells.
Aiming: Sticky Flame (dangerous; 22% risk of failure)
Press: ? - help, Shift-Dir - straight line, f - yak, p - yak
Aim: a yak (100% to hit)
The sticky flame hits the yak.
The yak is lightly wounded.
The yak is covered in liquid flames!
The yak burns! x2
The yak completely misses you. The yak closely misses you.
Unknown command.
Casting: Sticky Flame (dangerous; 22% risk of failure)
Confirm with . or Enter, or press ? or * to list all spells.
Aiming: Sticky Flame (dangerous; 22% risk of failure)
Press: ? - help, Shift-Dir - straight line, f - yak, p - yak
Aim: a yak (100% to hit)
The sticky flame hits the yak.
The yak is lightly wounded.
The yak is covered in liquid flames!
The yak burns!
The yak stops burning.
The yak burns! x2; The yak gores you.
* * * LOW HITPOINT WARNING * * *
The yak gores you.
* * * LOW HITPOINT WARNING * * *
The yak gores you!
You die...

#### ...# ######...#
#....
#..##....##....##
#...............##
#......#..........
#.....##....).....
#....##..........
##Y....)..........
#@Y............#
##Y.....#......###
###<##..#.........
#....#.##.........
##....(...........
#...........###.....
.................)###
##......#.........###
###..###.........#).


You could see 3 yaks.

Vanquished Creatures
  Eustachio (D:6)
  3 yaks (D:7)
  A steam dragon (D:6)
  Edmund (D:6)
  2 water moccasins
  An ice beast (D:5)
  A sky beast (D:6)
  A necrophage (D:5)
  2 black bears
  An ogre (D:4)
  3 wolves (D:7)
  A centaur (D:6)
  An elf zombie (Ossuary)
  3 bullfrogs
  3 bullfrog zombies
  A hound (D:5)
  A centaur zombie (D:7)
  A gnoll shaman (D:4)
  A bullfrog skeleton (D:6)
  Jessica (D:3)
  Ijyb (D:3)
  Natasha (thrice) (D:2)
  2 orc wizards
  2 hound zombies
  4 mummies (Ossuary)
  Robin (D:2)
  9 gnolls
  3 adders
  A shadow imp (D:7)
  A white imp (D:7)
  An ufetubus (D:7)
  2 adder zombies (Ossuary)
  A worm (D:3)
  3 dart slugs
  16 orcs
  4 bats
  3 endoplasms
  4 giant cockroaches
  2 gnoll zombies (Ossuary)
  13 goblins
  8 hobgoblins
  6 jackals (D:3)
  3 ball pythons (D:1)
  2 frilled lizards (D:3)
  A goblin zombie (Ossuary)
  A hobgoblin zombie (Ossuary)
  2 jackal zombies (Ossuary)
  9 kobolds
  An orc zombie (Ossuary)
  6 rats
  A rat zombie (Ossuary)
146 creatures vanquished.

Vanquished Creatures (others)
  6 plants (D:6)
6 creatures vanquished.

Grand Total: 152 creatures vanquished

Notes
Turn   | Place    | Note
-------+----------+-------------------------------------------
     0 | D:1      | rogsnak the Naga Air Elementalist began the quest for the
                  | Orb.
     0 | D:1      | Reached XP level 1. HP: 15/15 MP: 3/3
   355 | D:1      | Reached XP level 2. HP: 21/22 MP: 1/5
   784 | D:1      | Found a faded altar of an unknown god.
  1386 | D:2      | Reached XP level 3. HP: 28/28 MP: 4/6
  1449 | D:2      | Noticed Natasha
  1454 | D:2      | Killed Natasha
  1701 | D:2      | Noticed Natasha
  1724 | D:2      | Killed Natasha
  1725 | D:2      | Reached XP level 4. HP: 36/36 MP: 2/8
  1981 | D:2      | Noticed Natasha
  1991 | D:2      | Killed Natasha
  2145 | D:2      | Noticed Robin
  2155 | D:2      | Killed Robin
  2156 | D:2      | Reached XP level 5. HP: 42/42 MP: 3/9
  2946 | D:3      | Noticed Jessica
  2947 | D:3      | Killed Jessica
  3025 | D:3      | Learned a level 4 spell: Airstrike
  3688 | D:3      | Reached XP level 6. HP: 49/49 MP: 9/11
  3702 | D:3      | Noticed Ijyb
  3728 | D:3      | Killed Ijyb
  4866 | D:4      | Reached XP level 7. HP: 32/55 MP: 7/12
  5551 | D:5      | Entered Level 5 of the Dungeon
  5836 | D:5      | Reached skill level 5 in Conjurations
  5836 | D:5      | Reached skill level 5 in Air Magic
  5981 | D:5      | Reached XP level 8. HP: 63/63 MP: 9/15
  6027 | D:5      | Found a glowing silver altar of Zin.
  6389 | D:6      | Found a transporter.
  6391 | D:6      | Identified the +5 buckler "Alearph" {Will+ Str-2 Int+4}
  6406 | D:6      | Noticed Edmund
  6422 | D:6      | Killed Edmund
  6423 | D:6      | Reached skill level 1 in Fighting
  6423 | D:6      | Reached skill level 5 in Spellcasting
  6487 | D:6      | Found a sand-covered staircase.
  6568 | D:6      | Noticed Eustachio
  6576 | D:6      | Killed Eustachio
  6637 | Ossuary  | Entered an ossuary
  7514 | D:6      | Found a staircase to the Ecumenical Temple.
  7524 | Temple   | Entered the Ecumenical Temple
  7621 | Temple   | Became a worshipper of Sif Muna the Loreminder
  7668 | D:6      | Found a transporter.
  7675 | D:6      | Noticed southernslant's ghost (novice GrGl)
  8127 | D:6      | Reached XP level 9. HP: 72/73 MP: 12/17
  8754 | D:7      | Found Owanoyd's Book Emporium.
  9356 | D:8      | Noticed Grum
  9487 | D:7      | Reached * piety under Sif Muna
  9634 | D:7      | Learned a level 4 spell: Sticky Flame
  9639 | D:7      | Learned a level 4 spell: Cause Fear
  9702 | D:8      | Mangled by a yak

Illustrated notes

Levels and vault maps discovered:
D:1:      dpeg_arrival_snail, layout_basic,
          hellmonk_ecumenical_altar_inner_sanctum, st_stairs_7,
          serial_bayou_pond_d, palyth_stone_intersect
D:2:      layout_basic, uniq_natasha, uniq_robin
D:3:      kennysheep_goblin_castle, layout_rooms, dk_noncrumbling_2,
          hangedman_decor_points, minmay_fractal_squares_gapless_5, uniq_jessica
D:4:      layout_layer_cave
D:5:      layout_cave_pools, nicolae_overflow_hidden_temple
D:6:      layout_basic, minmay_temple_entry_butterflies,
          nicolae_ossuary_entry_false_entrances, gammafunk_ghost_gnarly_gnolls,
          uniq_edmund, uniq_eustachio
D:7:      layout_gridville, nicolae_inconvenience_store
D:8:      layout_cave_pools, uniq_maurice, uniq_grum
Temple:   regret_index_temple_chain_breaker

Skill      XL: |  1  2  3  4  5  6  7  8  9 |
---------------+----------------------------+-----
Conjurations   | 2 3 4 5 6 7 |  7.1
Air Magic      | 4 5 6 7 |  7.2
Spellcasting   | 3 4 5 6 |  6.7
Dodging        | 2 3 4 |  4.0
Fighting       | 2 |  2.5
Stealth        | |  3.0

Action                   |  1- 3 |  4- 6 |  7- 9 || total
-------------------------+-------+-------+-------++-------
Melee: Unarmed           |     1 |       |       ||     1
       Whip              |       |     1 |       ||     1
       Dagger            |       |    21 |    50 ||    71
       Flail             |       |       |    49 ||    49
       Punch             |       |       |     3 ||     3
 Cast: Shock             |    47 |   121 |   139 ||   307
       Airstrike         |       |       |    19 ||    19
       Sticky Flame      |       |       |     3 ||     3
 Abil: Spit Poison       |    12 |    17 |    13 ||    42
  Use: Potion            |       |       |     2 ||     2
 Stab: Sleeping          |       |       |     1 ||     1
Armor: Robe              |       |     3 |   101 ||   104
Dodge: Dodged            |     6 |    27 |   260 ||   293

Table legend: (Time is in decaauts)
 A = Elapsed time spent in this place.
 B = Non-inter-level travel time spent in this place.
 C = Inter-level travel time spent in this place.
 D = Time resting spent in this place.
 E = Time spent auto-exploring this place.
 F = Levels seen in this place.
 G = Mean time per level.
                   A        B        C        D        E       F      G
               +--------+--------+--------+--------+--------+-----+--------+
         Total |  12017 |  11659 |    358 |   2382 |   6646 |  10 | 1201.7 |
       Dungeon |  11214 |  10856 |    358 |   2034 |   6399 |   8 | 1401.8 |
        Temple |    156 |    156 |      0 |      0 |    105 |   1 |  156.0 |
       Ossuary |    646 |    646 |      0 |    348 |    142 |   1 |  646.0 |
               +--------+--------+--------+--------+--------+-----+--------+

Top non-repeatable levels by time:
     D:4: 2094 daAuts
     D:7: 1741 daAuts
     D:3: 1660 daAuts
     D:1: 1655 daAuts
     D:2: 1528 daAuts
     D:6: 1508 daAuts
     D:5: 935 daAuts
 Ossuary: 646 daAuts
  Temple: 156 daAuts
     D:8: 90 daAuts
